[gd_scene load_steps=7 format=3 uid="uid://046behbne70g"]

[ext_resource type="Script" path="res://Scripts/Blocs/Bloc_Manager.gd" id="1_i7nmf"]
[ext_resource type="Texture2D" uid="uid://bh7mmijdjbkou" path="res://Assets/Sprites/Blocs/Mur/Mur_D.png" id="2_3ajnq"]
[ext_resource type="PackedScene" uid="uid://ddngkntmm78su" path="res://Assets/Prefab/UI/Preview_Prix.tscn" id="4_roemx"]

[sub_resource type="PhysicsMaterial" id="PhysicsMaterial_sp621"]
rough = true
absorbent = true

[sub_resource type="RectangleShape2D" id="RectangleShape2D_3np7j"]
size = Vector2(77, 24.625)

[sub_resource type="RectangleShape2D" id="RectangleShape2D_w3a8m"]
size = Vector2(31.5, 117.625)

[node name="Mur_D" type="Node2D"]
script = ExtResource("1_i7nmf")
metadata/Type = "Mur_D"
metadata/Upgradable = false

[node name="Mur_D_RigidBody2D" type="RigidBody2D" parent="."]
mass = 3.0
physics_material_override = SubResource("PhysicsMaterial_sp621")
continuous_cd = 2

[node name="Mur_D_Sprite2D" type="Sprite2D" parent="Mur_D_RigidBody2D"]
scale = Vector2(0.3, 0.3)
texture = ExtResource("2_3ajnq")
flip_h = true

[node name="Mur_D_CollisionShape2D" type="CollisionShape2D" parent="Mur_D_RigidBody2D"]
position = Vector2(-0.5, 46.625)
shape = SubResource("RectangleShape2D_3np7j")

[node name="Mur_D_CollisionShape2D_2" type="CollisionShape2D" parent="Mur_D_RigidBody2D"]
position = Vector2(0, -46.3125)
shape = SubResource("RectangleShape2D_3np7j")

[node name="Mur_D_CollisionShape2D_3" type="CollisionShape2D" parent="Mur_D_RigidBody2D"]
position = Vector2(23, 0)
shape = SubResource("RectangleShape2D_w3a8m")

[node name="Preview_Prix" parent="." instance=ExtResource("4_roemx")]
offset_left = 0.0
offset_top = -105.0
offset_right = 82.0
offset_bottom = -66.0
